 Dungeon Crawl Stone Soup version 0.29-a0-775-g4d7333d4e2 (webtiles) character file.

Game seed: 12882396021322591333

30 gobodom the Grave Robber (level 3, -8/24 HPs)
             Began as a Demonspawn Necromancer on July 2, 2022.
             Mangled by a worm (11 damage)
             ... on level 2 of the Dungeon.
             The game lasted 00:02:45 (1293 turns).

gobodom the Grave Robber (Demonspawn Necromancer)   Turns: 1293, Time: 00:02:46

Health: -8/24      AC:  2    Str: 10    XL:     3   Next: 3%
Magic:  1/6        EV: 12    Int: 16    God:
Gold:   81         SH:  0    Dex: 13    Spells: 5/6 levels left

rFire   . . .      SeeInvis .   h - staff of cold
rCold   + . .      Faith    .   (no shield)
rNeg    . . .      Spirit   .   a - +0 robe
rPois   .          Reflect  .   (helmet restricted)
rElec   .          Harm     .   (no cloak)
rCorr   .          Rampage  .   (no gloves)
Will    .....                   (no boots)
Stlth   ++........              (no amulet)
HPRegen 0.08/turn               (no ring)
MPRegen 0.10/turn               (no ring)

@: lethally poisoned (-8 -> -11)
A: antennae 1, foul stench 1
a: no special abilities


You were on level 2 of the Dungeon.
You visited 1 branch of the dungeon, and saw 2 of its levels.

You collected 81 gold pieces.

Inventory:

Armour
 a - a +0 robe (worn)
Magical Staves
 h - a staff of cold (weapon)
Scrolls
 f - 3 scrolls of identify {unknown}
 g - a scroll of noise {unknown}
 i - a scroll of magic mapping {unknown}
Potions
 b - a potion of magic
 c - a potion of might {unknown}
 d - 2 potions of heal wounds {unknown}
 e - 2 potions of degeneration {unknown}


   Skills:
 + Level 0.1 Staves
 + Level 1.8 Dodging
 + Level 1.7 Stealth
 + Level 2.3 Spellcasting
 + Level 5.1 Necromancy


You had 5 spell levels left.
You knew the following spells:

 Your Spells              Type           Power      Damage    Failure   Level
a - Necrotize             Necr           72%        1d7       2%          1

Your spell library contained the following spells:

 Spells                   Type           Power      Damage    Failure   Level
 Vampiric Draining        Necr           18%        2d7       7%          3
 Animate Dead             Necr           18%        N/A       24%         4
 Poisonous Vapours        Pois/Air       2%         N/A       30%         2
 Agony                    Necr           18%        N/A       54%         5
 Corpse Rot               Necr/Pois/Air  7%         N/A       69%         4


Dungeon Overview and Level Annotations

Branches:
Dungeon (2/15)

Altars:


Innate Abilities, Weirdness & Mutations

You have a pair of small antennae on your head.
You may rarely emit foul miasma when damaged in melee.


Message History

An adder is nearby!
The adder hisses angrily.
A worm comes into view.
Found a stone staircase leading down.
The adder closely misses you.
You hit the adder but do no damage. The adder closely misses you.
You barely miss the adder. The adder misses you. The adder closely misses you.
You barely miss the adder. The adder misses you. x2
You miss the adder. The adder barely misses you.
You miss the adder. The adder barely misses you. The adder misses you.
The adder writhes in agony.
The adder misses you.
You are out of magic!
You are out of magic!
You closely miss the adder.
The adder is moderately wounded.
The adder barely misses you. The adder bites you.
You are poisoned.
The adder poisons you!
You miss the adder.
The adder is moderately wounded.
You feel sick. The adder bites you.
You miss the adder.
The adder is moderately wounded.
You feel sick. The adder closely misses you. The worm completely misses you.
The adder bites you.
You completely miss the adder.
The adder is moderately wounded.
You feel sick. The adder closely misses you. The worm bites you.
You feel sick. The adder bites you.
* * * LOW HITPOINT WARNING * * *
You are lethally poisoned!
The adder poisons you!
You barely miss the adder.
The adder is moderately wounded.
* * * LOW HITPOINT WARNING * * *
You feel sick. The adder bites you but does no damage.
You closely miss the adder.
The adder is moderately wounded.
* * * LOW HITPOINT WARNING * * *
You feel sick. The adder closely misses you. The worm bites you!
You die...

##..#.###. #.>......#
......# ..# ##........#
##.#######.###..........
##.###......#...........
...##...........(.....<.
####..<.................
####)...................
...............wS......#
####........!...@?....##
#.).......[......###
#............†.[.#
##..............##
##.....##.....##
##############


You could see a worm and an adder.

Vanquished Creatures
  2 worms (D:2)
  A bat (D:1)
  4 endoplasms (D:1)
  2 goblins
  3 quokkas
  2 frilled lizards
  3 kobolds (D:1)
  2 rats (D:1)
19 creatures vanquished.

Vanquished Creatures (collateral kills)
  A giant cockroach (D:1)
  2 rats
3 creatures vanquished.

Grand Total: 22 creatures vanquished

Notes
Turn   | Place    | Note
-------+----------+-------------------------------------------
     0 | D:1      | gobodom the Demonspawn Necromancer began the quest for the
                  | Orb.
     0 | D:1      | Reached XP level 1. HP: 13/13 MP: 3/3
   329 | D:1      | Gained mutation: You may rarely emit foul miasma when
                  | damaged in melee. [demonic ancestry]
   329 | D:1      | Reached XP level 2. HP: 19/19 MP: 1/5
   633 | D:1      | Reached skill level 5 in Necromancy
  1276 | D:2      | Gained mutation: You have a pair of small antennae on your
                  | head. [demonic ancestry]
  1276 | D:2      | Reached XP level 3. HP: 24/24 MP: 0/6
  1293 | D:2      | Mangled by a worm

Illustrated notes

Levels and vault maps discovered:
D:1:      mrwooster_arrival_statue_3, layout_basic
D:2:      mumra_celtic_spiral_tile, layout_rooms, dreamdust_princess_corridor

Skill      XL: |  1  2 |
---------------+-------+-----
Necromancy     | 5 |  5.1
Staves         | |  0.1
Dodging        | |  1.8
Stealth        | |  1.7
Spellcasting   | |  2.3

Action                   || total
-------------------------++-------
Melee: Unarmed           ||    12
       Staff             ||    19
 Cast: Necrotize         ||    41
 Stab: Sleeping          ||     1
Armor: Robe              ||     7
Dodge: Dodged            ||    43

Table legend: (Time is in decaauts)
 A = Elapsed time spent in this place.
 B = Non-inter-level travel time spent in this place.
 C = Inter-level travel time spent in this place.
 D = Time resting spent in this place.
 E = Time spent auto-exploring this place.
 F = Levels seen in this place.
 G = Mean time per level.
                   A        B        C        D        E       F      G
               +--------+--------+--------+--------+--------+-----+--------+
         Total |   1295 |   1271 |     24 |      0 |   1082 |   2 |  647.5 |
       Dungeon |   1295 |   1271 |     24 |      0 |   1082 |   2 |  647.5 |
               +--------+--------+--------+--------+--------+-----+--------+

Top non-repeatable levels by time:
     D:1: 1049 daAuts
     D:2: 246 daAuts
